AoeStats
← Johnifon

Black Forest

506423648Analyzed
1v1 RM · 18d ago on Sep 13, 2026· 47m 13s· 2 players
Game mode
Random Map
Map size
Tiny (2 player)
Population
200
Speed
Normal
Resources
Standard
Victory
Conquest
Starting age
Dark Age
Ending age
Imperial Age
RankedLock teamsTeams togetherTeam positionsShared explorationLock speedFull tech treeHidden civsTurbo modeCheats
Victory
Defeat
🇬🇧 Burgundians · United Kingdom
1161
+14
🇳🇱 Celts · Netherlands
1128
-34
tiemen
0:41 Loom
10:56 Feudal Age
16:39 Castle Age
14:28 Double-Bit Axe
16:29 Gold Mining
16:21 Horse Collar
17:56 Heavy Plow
24:16 Bow Saw
25:28 Stone Mining
27:29 Ballistics
28:02 Gold Shaft Mining
31:47 Imperial Age
28:52 Pikeman
32:21 Wheelbarrow
31:49 Scale Mail Armor
32:00 Forging
32:51 Conscription
32:34 Halberdier
32:59 Heavy Scorpion
35:27 Iron Casting
35:08 Chain Mail Armor
38:05 Chemistry
40:59 Blast Furnace
40:29 Plate Mail Armor
41:58 Onager
46:02 Fletching
Johnifon
0:32 Loom
11:31 Feudal Age
10:13 Double-Bit Axe
15:44 Castle Age
13:36 Horse Collar
15:16 Gold Mining
15:46 Bow Saw
20:41 Wheelbarrow
25:53 Heavy Plow
31:24 Imperial Age
29:23 Hand Cart
29:23 Town Watch
31:00 Gold Shaft Mining
29:57 Cavalier
30:45 Scale Barding Armor
31:57 Husbandry
32:20 Chain Barding Armor
32:13 Forging
33:31 Chemistry
33:40 Plate Barding Armor
36:28 Padded Archer Armor
39:24 Conscription
40:28 Leather Archer Armor
42:45 Fletching
Connection lost

Rejoining the realm…

Still unreachable

The connection could not be restored.

Session expired

The server has moved on; the page needs a fresh start.